AoeStats
← trhart97

Arena

507223163Analyzed
1v1 RM · 16d ago on Sep 17, 2026· 66m 34s· 2 players
Game mode
Random Map
Map size
Tiny (2 player)
Population
200
Speed
Normal
Resources
Standard
Victory
Conquest
Starting age
Dark Age
Ending age
Imperial Age
RankedLock teamsTeams togetherTeam positionsShared explorationLock speedFull tech treeHidden civsTurbo modeCheats
Victory
Defeat
🇺🇸 Bulgarians · United States
221
+20
🇦🇺 Teutons · Australia
312
-20
trhart97
2:45 Loom
14:16 Feudal Age
15:39 Wheelbarrow
14:49 Town Watch
15:58 Horse Collar
16:07 Double-Bit Axe
24:23 Castle Age
24:40 Gold Mining
24:50 Stone Mining
25:37 Hand Cart
25:35 Heavy Plow
25:46 Bow Saw
26:36 Squires
26:22 Arson
26:57 Forging
26:48 Scale Mail Armor
26:54 Scale Barding Armor
26:47 Fletching
28:15 Hand Cart
28:01 Town Patrol
28:14 Pikeman
30:00 Fervor
31:04 Chain Mail Armor
31:24 Iron Casting
34:34 Murder Holes
34:51 Masonry
35:02 Ballistics
39:42 Bodkin Arrow
42:21 Imperial Age
41:09 Gold Shaft Mining
41:54 Chain Barding Armor
42:26 Stirrups
43:44 Crop Rotation
43:52 Architecture
43:54 Conscription
43:54 Bloodlines
43:44 Husbandry
43:05 Light Cavalry
43:07 Cavalier
45:20 Plate Barding Armor
45:46 Blast Furnace
44:48 Bracer
45:31 Conscription
44:52 Capped Ram
44:56 Halberdier
45:53 Hussar
47:25 Plate Mail Armor
52:53 Parthian Tactics
52:43 Thumb Ring
52:19 Heavy Cavalry Archer
53:05 Padded Archer Armor
54:14 Chemistry
53:25 Siege Engineers
63:15 Leather Archer Armor
63:56 Gambesons
mab_an_dhivresow
0:31 Loom
14:16 Feudal Age
15:06 Double-Bit Axe
15:15 Stone Mining
15:16 Gold Mining
15:11 Horse Collar
16:09 Wheelbarrow
15:20 Town Watch
21:34 Fletching
21:45 Padded Archer Armor
23:36 Forging
23:28 Scale Mail Armor
26:58 Castle Age
28:03 Crossbowman
28:46 Heavy Plow
29:24 Stone Shaft Mining
29:03 Bow Saw
28:52 Bodkin Arrow
29:33 Iron Casting
29:14 Chain Mail Armor
29:18 Hand Cart
29:32 Town Patrol
29:53 Fervor
31:10 Ballistics
31:01 Fortified Wall
31:03 Masonry
38:45 Imperial Age
41:02 Ironclad
42:13 Blast Furnace
41:50 Plate Mail Armor
41:54 Leather Archer Armor
41:06 Capped Ram
44:02 Chemistry
43:44 Conscription
46:05 Crop Rotation
46:41 Two-Man Saw
46:33 Ring Archer Armor
50:52 Crenellations
50:11 Elite Teutonic Knight
53:56 Hoardings
57:21 Block Printing
57:32 Illumination
Connection lost

Rejoining the realm…

Still unreachable

The connection could not be restored.

Session expired

The server has moved on; the page needs a fresh start.